 Dungeon Crawl Stone Soup version 0.18.1-50-g88ac8fd (webtiles) character file.

73 Gargoyl the Skirmisher (level 4, -1/35 HPs)
             Began as a Demonspawn Abyssal Knight on Sept 30, 2016.
             Was a Follower of Lugonu.
             Slain by an ice beast (10 damage)
             ... on level 6 of the Dungeon.
             The game lasted 00:05:06 (3317 turns).

Gargoyl the Skirmisher (Demonspawn Abyssal Knight)  Turns: 3317, Time: 00:05:06

Health: -1/35      AC:  5    Str: 13    XL:     4   Next: 8%
Magic:  5/5        EV: 11    Int: 19    God:    Lugonu [*.....]
Gold:   136        SH:  0    Dex: 12    Spells: 0 memorised, 3 levels left

rFire  . . .     SeeInvis .     a - +1 hand axe
rCold  . . .     Gourm    .     A - +0 ring mail
rNeg   . . .     Faith    .     (no shield)
rPois  .         Spirit   .     (helmet restricted)
rElec  .         Dismiss  .     (no cloak)
rCorr  .         Reflect  .     (no gloves)
SustAt .         Harm     .     (no boots)
MR     .....                    (no amulet)
Stlth  +.........               (no ring)
                                (no ring)

@: brilliant, not resistant to hostile enchantments, very unstealthy
A: horns 1
a: Depart the Abyss, Renounce Religion


You were on level 6 of the Dungeon.
You worshipped Lugonu.
Lugonu was aware of your devotion.
You were not hungry.

You visited 1 branch of the dungeon, and saw 4 of its levels.
You visited the Abyss 1 time.

You collected 136 gold pieces.

Inventory:

Hand Weapons
 a - a +1 hand axe (weapon)
 u - a +0 blowgun
Missiles
 v - 8 poisoned needles
Armour
 b - a +0 leather armour
 A - a +0 ring mail (worn)
Jewellery
 j - a +4 amulet of reflection {unknown}
 k - an uncursed amulet of guardian spirit {unknown}
Wands
 h - a wand of acid (1/15)
Scrolls
 d - 4 scrolls of teleportation {unknown}
 e - 2 scrolls of identify {unknown}
 f - 2 scrolls of magic mapping {unknown}
 g - 3 scrolls of remove curse {unknown}
 l - 3 scrolls of fog {unknown}
 q - a scroll of blinking {unknown}
 r - 2 scrolls of fear {unknown}
 y - a scroll of random uselessness {unknown}
Potions
 n - a potion of curing {unknown}
 o - a potion of heal wounds {unknown}
 p - a potion of berserk rage {unknown}
 s - a potion of haste {unknown}
Books
 t - a book of Changes

   Spells                             Type                      Level
   a - Beastly Appendage              Transmutation                1
   b - Sticks to Snakes               Transmutation                2
   c - Spider Form                    Transmutation/Poison         3
   d - Ice Form                       Ice/Transmutation            4
   e - Blade Hands                    Transmutation                5
Comestibles
 c - 3 bread rations
 i - a beef jerky
 m - a slice of pizza
 x - a meat ration
 z - a chunk of flesh


   Skills:
 + Level 3.5 Fighting
 + Level 2.4 Axes
 * Level 2.5 Armour
 + Level 1.9 Dodging
 * Level 2.4 Invocations


You had 3 spell levels left.
You didn't know any spells.

Dungeon Overview and Level Annotations

Branches:
Dungeon (3/15)

Altars:
Fedhas
Ru

Annotations:
D:6 Dowan


Innate Abilities, Weirdness & Mutations

You have a pair of small horns on your head.


Message History

The ice beast completely misses you.
You hit the ice beast.
The ice beast is heavily wounded.
You hit the plant but do no damage. x2
Dowan hits the plant but does no damage.
The ice beast hits you. The ice beast freezes you!
You hit the ice beast.
You headbutt the ice beast, but do no damage.
The ice beast is severely wounded.
You hit the plant but do no damage. x2
Dowan hits the plant but does no damage.
The ice beast hits you but does no damage.
Dowan hits the plant with a dagger.
Drink which item? (? for menu, Esc to quit)
It was a potion of brilliance.
You feel clever all of a sudden. The ice beast hits you.
* * * LOW HITPOINT WARNING * * *
The ice beast freezes you!
You die...

####### ####P.PP@#
####.##P.PYP# #
#.YP.#.P._eP# ..
#.#.#.#...PP# ...
#.#####PP.^^# ...
#...#########.e .
####Y..##..#ยง#...(
##.#.e.........
#.#.#..#.#.#.#


You could see an ice beast and Dowan.

Vanquished Creatures
  2 adders (D:2)
  3 dart slugs
  A ball python (D:1)
  5 bats (D:1)
  3 giant cockroaches (D:1)
  6 hobgoblins
  2 jackals (D:1)
  7 kobolds
  5 giant newts
  9 goblins
  3 rats
46 creatures vanquished.

Notes
Turn   | Place    | Note
--------------------------------------------------------------
     0 | Abyss:1  | Gargoyl the Demonspawn Abyssal Knight began the quest for the Orb.
     0 | Abyss:1  | Reached XP level 1. HP: 18/18 MP: 2/2
   200 | Abyss:2  | Noticed a spatial vortex
   207 | Abyss:2  | Noticed a quasit
   207 | Abyss:2  | Noticed a large abomination
   212 | Abyss:2  | Noticed a chaos spawn
   239 | Abyss:3  | Noticed a shadow demon
   245 | Abyss:3  | Noticed a large abomination
   245 | Abyss:3  | Noticed a silent spectre
   245 | Abyss:3  | Noticed a large abomination
   255 | Abyss:3  | Noticed a large abomination
   255 | Abyss:3  | Noticed a spiny frog simulacrum
   255 | Abyss:3  | Noticed a worldbinder
   256 | Abyss:3  | Noticed a sun demon
   264 | Abyss:3  | Noticed a jumping spider
   266 | Abyss:3  | Noticed a jumping spider
   266 | Abyss:3  | Noticed a jumping spider
   266 | Abyss:3  | Noticed a smoke demon
   270 | D:1      | Escaped the Abyss
   992 | D:1      | Gained mutation: You have a pair of small horns on your head. [demonic ancestry]
   992 | D:1      | Reached XP level 2. HP: 23/24 MP: 3/3
  1166 | D:1      | Reached skill level 1 in Dodging
  1311 | D:1      | Reached * piety under Lugonu
  1510 | D:1      | Reached XP level 3. HP: 28/29 MP: 4/4
  2815 | D:3      | Found a blossoming altar of Fedhas.
  2819 | D:3      | Reached XP level 4. HP: 21/35 MP: 5/5
  3251 | D:3      | You fall through a shaft for 3 floors!
  3285 | D:6      | Noticed Dowan
  3285 | D:6      | Noticed an ice beast
  3301 | D:6      | Found a sacrificial altar of Ru.
  3317 | D:6      | Slain by an ice beast

Skill      XL: |  1  2 |
---------------+-------+-----
Axes           | 2 |  2.4
Dodging        | 1 |  1.9
Armour         | 2 |  2.5
Fighting       | |  3.5
Invocations    | |  2.4

Action                   |  1- 3 |  4- 6 || total
-------------------------+-------+-------++-------
Melee: Hand axe          |   127 |    16 ||   143
       Headbutt          |    15 |     5 ||    20
 Fire: Blowgun           |       |     4 ||     4
Invok: Depart the Abyss  |     1 |       ||     1
  Use: Potion            |       |     1 ||     1
  Eat: Chunk             |     4 |       ||     4
       Bread ration      |     1 |       ||     1
Armor: Leather armour    |    55 |     4 ||    59
       Ring mail         |       |     2 ||     2
Dodge: Dodged            |    92 |    13 ||   105
